 Dungeon Crawl Stone Soup version 0.21-a0-196-g6a663c0 (webtiles) character file.

84438 aurelian the Convoker (level 15, -1/110 HPs)
             Began as a Mummy Summoner on Aug 14, 2017.
             Was a High Priest of Sif Muna.
             Hit by a stone thrown by a spriggan rider (13 damage)
             ... on level 4 of the Swamp on Aug 15, 2017.
             The game lasted 03:10:53 (52008 turns).

aurelian the Convoker (Mummy Summoner)             Turns: 52008, Time: 03:10:53

Health: -1/110     AC: 14    Str: 15    XL:     15   Next: 35%
Magic:  3/55       EV: 19    Int: 23    God:    Sif Muna [*****.]
Gold:   1277       SH:  0    Dex: 12    Spells: 2/38 levels left

rFire    + . .     SeeInvis .   b - staff of power
rCold    + + .     Gourm    .   (no shield)
rNeg     + + +     Faith    .   v - +5 leather armour of Chill Winds {rF+ Str+2}
rPois    ∞         Spirit   .   E - +2 helmet {Int+3}
rElec    +         Reflect  .   z - scarf {rC+ rF+}
rCorr    .         Harm     .   B - +2 pair of gloves
MR       +....                  (no boots)
Stlth    +++.......             V - amulet of the Air {Inacc +Fly rElec EV+5 RMsl}
HPRegen  0.28/turn              w - ring of wizardry
MPRegen  0.34/turn              D - ring of magical power

@: very slightly contaminated, repel missiles
A: no food or potions, fire vulnerability, cold resistance 1, negative energy
resistance 3, torment resistance, unbreathing, in touch with death 1
a: Divine Energy, Channel Magic, Forget Spell, Renounce Religion, Evoke Flight


You were on level 4 of the Swamp.
You worshipped Sif Muna.
Sif Muna was extremely pleased with you.
You were not hungry.

You visited 5 branches of the dungeon, and saw 28 of its levels.
You also visited: Labyrinth and Sewer.

You collected 2075 gold pieces.
You spent 798 gold pieces at shops.

Inventory:

Hand Weapons
 a - the +7 hunting sling "Kiraiv" {velocity, rF+ Stlth+}
   (You found it on level 8 of the Dungeon)

   Any stone fired from it inflicts extra damage.
   It protects you from fire.
   It makes you more stealthy.
 h - a +0 dagger of venom
 r - the +9 staff of Wucad Mu {channel}
   (You found it on level 1 of the Swamp)
 H - a +2 eveningstar of venom
 I - a +2 whip of venom
 Z - a +1 demon whip of venom
Missiles
 j - 2 throwing nets (quivered)
 C - 71 sling bullets
Armour
 v - the +5 leather armour of Chill Winds (worn) {rF+ Str+2}
   (You bought it in a shop on level 2 of the Orcish Mines)

   It affects your strength (+2).
   It protects you from fire.
 z - a scarf of resistance (worn)
 B - a +2 pair of gloves (worn)
 E - a +2 helmet of intelligence (worn)
 J - a cursed +0 shield of reflection
Magical Staves
 b - an uncursed staff of power (weapon)
 i - an uncursed staff of death
 l - an uncursed staff of fire
Jewellery
 d - a +6 ring of evasion
 o - an uncursed ring of protection from magic
 w - a ring of wizardry (left hand)
 A - an uncursed ring of protection from fire
 D - a ring of magical power (right hand)
 F - a +5 ring of evasion
 P - the ring "Guovvir" {+Fly rN+ MR+}
   (You found it in a labyrinth)

   [ring of flight]

   It protects you from negative energy.
   It affects your resistance to hostile enchantments.
   It lets you fly.
 R - an uncursed ring of ice
 V - the amulet of the Air (around neck) {Inacc +Fly rElec EV+5 RMsl}
   (You found it on level 12 of the Dungeon)

   [amulet of inaccuracy]

   It reduces the accuracy of all your attacks.
   It affects your evasion (+5).
   It insulates you from electricity.
   It lets you fly.
   It protects you from missiles.
Wands
 f - a wand of lightning (4/15)
 n - a wand of iceblast (3/15)
 x - a wand of clouds (2/9)
 T - a wand of digging (9/24)
Scrolls
 c - 11 scrolls of identify
 e - 2 scrolls of magic mapping
 g - 9 scrolls of remove curse
 k - 6 scrolls of fog
 p - 16 scrolls of teleportation
 q - 2 scrolls of vulnerability
 t - 3 scrolls of amnesia
 G - a scroll of summoning
Books
 s - Paosucy's Grimoire of the Blaze and the Entourage
   (Sif Muna gifted it to you on level 1 of the Swamp)

   Spells                             Type                      Level
   a - Inner Flame                    Hexes/Fire                   3
   b - Call Canine Familiar           Summoning                    3
   c - Shadow Creatures               Summoning                    6
   d - Ignition                       Fire                         8
   e - Summon Horrible Things         Summoning                    8
 u - a book of Callings

   Spells                             Type                      Level
   a - Summon Small Mammal            Summoning                    1
   b - Call Imp                       Summoning                    2
   c - Call Canine Familiar           Summoning                    3
   d - Summon Guardian Golem          Hexes/Summoning              3
   e - Summon Lightning Spire         Summoning/Air                4
   f - Summon Ice Beast               Ice/Summoning                4
Miscellaneous
 y - a crystal ball of energy


   Skills:
 - Level 8.2 Fighting
 + Level 2.4 Maces & Flails
 - Level 2.5 Armour
 - Level 6.0 Dodging
 - Level 7.1 Stealth
 + Level 1.2 Shields
 - Level 12.0 Spellcasting
 - Level 2.1 Hexes
 * Level 15.2 Summonings
 - Level 2.4 Translocations
   Level 3.6 Transmutations
 - Level 6.0 Ice Magic
 - Level 4.3 Air Magic
   Level 3.6 Earth Magic
 - Level 2.0 Invocations


You had 2 spell levels left.
You knew the following spells:

 Your Spells              Type           Power        Failure   Level  Hunger
a - Summon Mana Viper     Hex/Summ       ######..     1%          5    N/A
b - Monstrous Menagerie   Summ           ######....   3%          7    N/A
c - Shadow Creatures      Summ           N/A          1%          6    N/A
d - Summon Ice Beast      Ice/Summ       ######..     1%          4    N/A
e - Call Canine Familiar  Summ           ######..     1%          3    N/A
f - Summon Lightning Spi  Summ/Air       ######..     1%          4    N/A
g - Gell's Gravitas       Tloc           ####......   2%          3    N/A
h - Call Imp              Summ           ######..     0%          2    N/A
i - Blink                 Tloc           N/A          1%          2    N/A

Dungeon Overview and Level Annotations

Branches:
Dungeon (15/15)            Temple (1/1) D:6            Lair (6/6) D:8
  Swamp (4/4) Lair:2       Spider (0/4) Lair:4        Slime (0/5) Lair:5
    Orc (2/2) D:11            Elf (0/3) Orc:2        Vaults (0/5) D:14
 Depths (0/5) D:15

Altars:
Ashenzari
Cheibriados
Dithmenos
Elyvilon
Fedhas
Gozag
Hepliaklqana
Kikubaaqudgha
Makhleb
Nemelex Xobeh
Okawaru
Qazlal
Ru
Sif Muna
Trog
Uskayaw
Vehumet
Wu Jian
Xom
Yredelemnul
Zin
The Shining One

Shops:
D:5 !   D:6 *   D:10 *   D:11 *   Orc:2 %?%[*

Annotations:
D:7 exclusions: downstairs and statue
D:8 2 transporters
D:12 exclusion: downstairs
Lair:4 exclusion: 2 downstairs
Swamp:2 exclusion: downstairs


Innate Abilities, Weirdness & Mutations

You do not eat or drink.
Your flesh is vulnerable to fire.
You are immune to poison.
Your flesh is cold resistant. (rC+)
You are immune to negative energy. (rN+++)
You are immune to unholy pain and torment.
You can survive without breathing.
You are in touch with the powers of death.


Message History

The swamp drake seems to grow more fierce.
The seven-headed hydra seems to grow more fierce.
The spriggan druid dies!
Sif Muna accepts your kill.
You hear a splash. x2
The spriggan rider throws a stone.
The stone completely misses you.
You see here a stone.
Unknown command.
Unknown command.
What are your orders? t - Shout!
Orders for allies: a - Attack new target. r - Retreat! s - Stop attacking. g - Guard the area. f - Follow me.
Anything else - Cancel.
Gang up on whom?
Press: ? - help, Dir - move target cursor, f - spriggan rider
Aim: a spriggan rider, wielding a mace Attack!
The spriggan rider throws a stone.
The stone hits you!
You die...

≈.. . #≈.... .# ##..≈k≈
. .≈♣# #♣≈...≈♣v≈ ♣.≈♣#
#♣§≈§§.≈.≈v .♣≈≈##♣
#♣###♣≈≈.≈.≈.v≈≈
≈♣.≈..♣#♣≈##).))≈...≈.≈.
..≈.≈.≈#.≈≈≈≈♣...≈.....≈
≈♣...♣.≈≈♣♣♣≈..≈@≈.i....
....♣♣♣♣♣♣♣..k)y..≈.≈.≈≈
≈.♣♣♣ ♣.♣≈...≈y....≈≈
≈§♣ ♣ ♣.......y♣.≈..≈.
.♣♣♣≈♣. ♣♣.≈..F≈...≈....
≈≈≈≈.≈≈.≈≈.D♣♣♣≈.≈≈.....
≈≈≈..≈≈..≈.. .≈≈§≈.....
≈.≈≈.≈.♣≈♣. .≈..≈...i≈
.♣♣♣.♣♣♣ ♣ .≈≈.....


You could see a seven-headed hydra, a spriggan rider, a swamp drake (fleeing), 3
insubstantial wisps, a friendly spriggan rider, a friendly lindwurm, a friendly
spiny frog and 3 friendly vampire mosquitoes.

Vanquished Creatures
  An elephant (Lair:4)
  A black mamba (Lair:2)
  2 hippogriffs
  A yak (Lair:5)
  A porcupine (Lair:3)
  An orc warrior (D:6)
  A wolf (Lair:3)
  A centaur (D:6)
  A bullfrog (Lair:1)
  A howler monkey (D:6)
  A gnoll shaman (D:6)
  Jessica (D:2)
  An iguana (D:4)
  A bullfrog skeleton (D:5)
  5 worker ants
  A hound skeleton (D:6)
  2 adders (D:2)
  A worm (D:2)
  A dart slug (D:2)
  5 leopard geckos
  7 orcs
  2 bats
  6 giant cockroaches
  6 goblins
  5 hobgoblins
  7 jackals
  5 kobolds
  A quokka (D:3)
  A ball python (Sewer)
  2 frilled lizards
  4 rats
76 creatures vanquished.

Vanquished Creatures (collateral kills)
  Rupert (Lair:4)
  Frances (D:13)
  2 thorn hunters
  Kirke (D:14)
  Donald (Swamp:2)
  A fire giant (D:15)
  Aizul (Swamp:3)
  A stone giant (Orc:2)
  Snorg (D:13)
  Josephine (Swamp:1)
  A minotaur (Lab)
  The ghost of aurelian the Martial Artist, a journeyman OpTm of Ru (Lair:2)
  An ogre mage (Orc:2)
  14 hydras
  The ghost of enarc13 the Carver, a journeyman HuAK of Lugonu (D:8)
  2 vault guards (D:14)
  A ghost crab (Swamp:3)
  A catoblepas (Lair:6)
  A deep troll shaman (Lair:6)
  The ghost of edsrzf the Cleaver, a novice MiGl of Trog (D:9)
  8 alligators
  8 two-headed ogres
  A centaur warrior (D:13)
  25 death yaks
  5 orc high priests (Orc:2)
  Urug (D:11)
  3 spriggan druids
  8 unseen horrors
  4 shambling mangroves
  A wizard (D:14)
  3 swamp dragons
  A lindwurm (Lair:6)
  A wolf spider zombie (D:15)
  An orb spider (Lair:4)
  A wolf spider (D:15)
  2 necromancers (D:14)
  A manticore (D:11)
  2 orc sorcerers
  A deep elf mage (D:15)
  4 oklob plants (Lair:3)
  11 orc knights
  18 ugly things
  3 cyclopes
  18 elephants
  4 black mambas
  2 centaur zombies
  2 gargoyles
  2 rime drakes (Lair:4)
  3 torpor snails
  22 spiny frogs
  An efreet (D:14)
  11 komodo dragons
  A kobold demonologist (D:13)
  A yaktaur (D:14)
  8 trolls
  19 slime creatures
  A polar bear (Lair:4)
  2 tengu conjurers (D:15)
  10 hornets
  A hornet (shapeshifter) (D:15)
  9 hippogriffs
  21 dream sheep
  4 tyrant leeches
  5 bog bodies
  A meliai zombie (D:15)
  6 spriggans
  Sigmund (D:3)
  3 basilisks
  18 humans
  5 wyverns
  5 hogs (D:14)
  7 shadows
  31 yaks
  2 vampires
  6 wraiths
  18 vampire mosquitoes
  6 hungry ghosts
  A warg (Orc:2)
  4 insubstantial wisps (Swamp:3)
  2 acid dragons (D:15)
  19 swamp worms
  24 water moccasins
  2 ice beasts
  11 porcupines
  A hornet zombie (D:10)
  35 orc warriors
  10 swamp drakes
  2 eyes of draining (D:13)
  12 ogres
  3 black bears
  3 sky beasts
  A necrophage (D:11)
  A phantom (D:13)
  20 wolves
  10 centaurs
  10 big kobolds
  22 crocodiles
  27 bullfrogs
  2 wyvern zombies (D:13)
  A jelly (D:9)
  5 scorpions
  29 killer bees
  10 wights
  7 howler monkeys
  2 electric eels
  4 crimson imps
  3 hounds
  A quasit (D:8)
  25 orc wizards
  Crazy Yiuf (D:7)
  27 orc priests
  12 centaur skeletons
  An iguana (D:12)
  Ijyb (D:3)
  7 worker ants
  A hound zombie (D:6)
  2 hound skeletons
  15 adders
  10 gnolls
  A shadow imp (D:7)
  12 white imps (D:15)
  An ooze (Sewer)
  An adder zombie (D:8)
  4 worms
  6 leopard geckos
  95 orcs
  4 giant cockroaches
  2 hobgoblins
  7 jackals
  36 kobolds
  2 quokkas
  6 ball pythons
  2 bats
  2 frilled lizards
  10 goblins
  A quokka skeleton (D:5)
  7 rats
  3 fungi
  5 plants
997 creatures vanquished.

Vanquished Creatures (others)
  A wizard (D:5)
  2 humans (D:14)
  A hound (D:7)
  A briar patch (Swamp:4)
  23 fungi
  15 plants
43 creatures vanquished.

Grand Total: 1116 creatures vanquished

Notes
Turn   | Place    | Note
-------+----------+-------------------------------------------
     0 | D:1      | aurelian the Mummy Summoner began the quest for the Orb.
     0 | D:1      | Reached XP level 1. HP: 13/13 MP: 4/4
   399 | D:1      | Reached XP level 2. HP: 19/19 MP: 0/6
   894 | D:2      | Noticed Jessica
   911 | D:2      | Killed Jessica
   911 | D:2      | Reached XP level 3. HP: 18/24 MP: 4/8
  1338 | D:2      | Learned a level 3 spell: Call Canine Familiar
  1341 | D:2      | Learned a level 2 spell: Call Imp
  1388 | D:2      | Reached skill level 4 in Summonings
  1837 | D:2      | Reached XP level 4. HP: 17/30 MP: 2/10
  2541 | D:2      | Learned a level 4 spell: Summon Ice Beast
  2597 | D:3      | Noticed Sigmund
  2717 | D:3      | Killed Sigmund
  2717 | D:3      | Reached skill level 1 in Fighting
  2717 | D:3      | Reached skill level 1 in Ice Magic
  2717 | D:3      | Reached XP level 5. HP: 24/37 MP: 4/11
  2947 | D:3      | Found a snail-covered altar of Cheibriados.
  2979 | D:3      | Found a stormy altar of Qazlal.
  3319 | D:3      | Noticed Ijyb
  3401 | D:3      | Killed Ijyb
  3697 | D:3      | Found an ornate altar of the Wu Jian Council.
  3886 | D:4      | Found a shattered altar of Ashenzari.
  3949 | D:4      | Found an iron altar of Okawaru.
  3977 | D:4      | Reached XP level 6. HP: 42/44 MP: 4/13
  4328 | D:4      | Reached skill level 5 in Spellcasting
  4394 | D:4      | Found a glowing drain.
  4398 | Sewer    | Entered a sewer
  5525 | D:5      | Entered Level 5 of the Dungeon
  5738 | D:5      | Noticed an ice beast
  5751 | D:5      | Killed an ice beast
  5909 | D:5      | Noticed a sky beast
  5931 | D:5      | Killed a sky beast
  5931 | D:5      | Reached skill level 5 in Summonings
  5931 | D:5      | Reached XP level 7. HP: 24/50 MP: 6/15
  6344 | D:5      | Found a bloodstained altar of Trog.
  6345 | D:5      | Noticed a wizard
  6351 | D:5      | Killed a wizard
  6403 | D:5      | Found Akkol's Distillery.
  6848 | D:6      | Found Vuatsee's General Store.
  7121 | D:6      | Found a hazy altar of Hepliaklqana.
  7909 | D:6      | Found a staircase to the Ecumenical Temple.
  7918 | Temple   | Entered the Ecumenical Temple
  8223 | D:6      | Bought a scroll of teleportation for 36 gold pieces
  8223 | D:6      | Bought a scroll of fog for 24 gold pieces
  8875 | D:6      | Reached XP level 8. HP: 51/56 MP: 3/16
  8880 | D:6      | Reached skill level 6 in Summonings
  9816 | D:7      | Noticed a hippogriff
 10016 | D:7      | Killed a hippogriff
 10016 | D:7      | Reached skill level 5 in Ice Magic
 10498 | D:7      | Found a runed door.
 10504 | D:7      | Noticed Crazy Yiuf
 10509 | D:7      | Killed Crazy Yiuf
 10595 | D:7      | Found a shimmering altar of Xom.
 10627 | D:7      | Found a radiant altar of Vehumet.
 10711 | D:7      | Found a deep blue altar of Sif Muna.
 10810 | D:8      | Noticed a hippogriff
 10813 | D:8      | Noticed an ogre mage
 10817 | D:8      | Found a hide-covered altar of Uskayaw.
 10839 | D:8      | Got a polished hunting sling
 10938 | D:8      | Reached skill level 7 in Summonings
 11206 | D:8      | Noticed enarc13's ghost (journeyman HuAK)
 11208 | D:8      | Noticed a death yak
 11298 | D:8      | Found a staircase to the Lair.
 11298 | D:8      | Noticed a death yak
 11298 | D:8      | Noticed a death yak
 11667 | D:8      | Noticed a two-headed ogre
 12036 | D:8      | Found a blossoming altar of Fedhas.
 12070 | D:8      | Killed enarc13's ghost
 12070 | D:8      | Reached XP level 9. HP: 62/62 MP: 1/17
 12176 | D:8      | Learned a level 3 spell: Summon Guardian Golem
 12191 | D:8      | Found a transporter.
 12203 | D:8      | Found a transporter.
 12625 | D:8      | Identified the +7 hunting sling "Kiraiv" {velocity, rF+ Stlth+} (You found it on level 8 of the Dungeon)
 12628 | Lair:1   | Entered Level 1 of the Lair of Beasts
 12818 | Lair:1   | Learned a level 4 spell: Summon Lightning Spire
 13223 | Lair:1   | Noticed a komodo dragon
 13238 | Lair:1   | Killed a komodo dragon
 13368 | Lair:1   | Noticed a komodo dragon
 13377 | Lair:1   | Killed a komodo dragon
 13377 | Lair:1   | Reached skill level 8 in Summonings
 13786 | D:7      | Became a worshipper of Sif Muna the Loreminder
 14102 | Lair:1   | Noticed a spiny frog
 14113 | Lair:1   | Killed a spiny frog
 14443 | Lair:2   | Reached skill level 5 in Fighting
 14676 | Lair:2   | Noticed a five-headed hydra
 14694 | Lair:2   | Killed a five-headed hydra
 14694 | Lair:2   | Reached XP level 10. HP: 74/74 MP: 3/18
 15316 | Lair:2   | Noticed aurelian's ghost (journeyman OpTm)
 15920 | Lair:2   | Reached * piety under Sif Muna
 16125 | Lair:2   | Reached skill level 5 in Dodging
 16487 | Lair:2   | Killed aurelian's ghost
 16487 | Lair:2   | Reached skill level 9 in Summonings
 17964 | Lair:2   | Found a staircase to the Swamp.
 18028 | Lair:2   | Noticed a spiny frog
 18035 | Lair:2   | Killed a spiny frog
 18154 | Lair:2   | Reached skill level 5 in Stealth
 18607 | Lair:3   | Noticed a black mamba
 18637 | Lair:2   | Killed a black mamba
 18887 | Lair:3   | Noticed a torpor snail
 18899 | Lair:3   | Killed a torpor snail
 19032 | Lair:3   | Identified a scroll of acquirement
 19069 | Lair:3   | Noticed a spiny frog
 19092 | Lair:3   | Killed a spiny frog
 19519 | Lair:3   | Reached XP level 11. HP: 79/79 MP: 17/19
 19741 | Lair:3   | Reached skill level 10 in Summonings
 20353 | Lair:3   | Noticed an oklob plant
 20353 | Lair:3   | Noticed an oklob plant
 20481 | Lair:3   | Killed an oklob plant
 20554 | Lair:3   | Killed an oklob plant
 20612 | Lair:3   | Noticed an oklob plant
 20612 | Lair:3   | Noticed an oklob plant
 20638 | Lair:3   | Killed an oklob plant
 20700 | Lair:3   | Killed an oklob plant
 20700 | Lair:3   | Reached ** piety under Sif Muna
 21964 | Lair:4   | Noticed Rupert
 21988 | Lair:4   | Killed Rupert
 22243 | Lair:4   | Reached skill level 11 in Summonings
 22472 | Lair:4   | Reached skill level 1 in Armour
 22932 | Lair:4   | Reached *** piety under Sif Muna
 23030 | Lair:4   | Upgraded the game from 0.21-a0-193-g085b6a0 to 0.21-a0-196-g6a663c0
 23124 | Lair:4   | Found a hole to the Spider Nest.
 23124 | Lair:4   | Noticed an orb spider
 23135 | Lair:4   | Killed an orb spider
 23497 | Lair:5   | Noticed a seven-headed hydra
 23531 | Lair:4   | Reached skill level 1 in Air Magic
 23650 | Lair:5   | Reached skill level 1 in Invocations
 23768 | Lair:5   | Noticed a seven-headed hydra
 23783 | Lair:5   | Killed a seven-headed hydra
 24417 | Lair:5   | Learned a level 3 spell: Gell's Gravitas
 24630 | Lair:5   | Learned a level 4 spell: Petrify
 24635 | Lair:5   | Noticed a death yak
 24640 | Lair:5   | Noticed a death yak
 24640 | Lair:5   | Noticed a death yak
 24640 | Lair:5   | Noticed a death yak
 24642 | Lair:5   | Noticed a death yak
 24645 | Lair:5   | Noticed a death yak
 24648 | Lair:5   | Killed a death yak
 24648 | Lair:5   | Reached XP level 12. HP: 53/86 MP: 23/23
 24812 | Lair:4   | Reached skill level 1 in Translocations
 25239 | Lair:5   | Reached skill level 1 in Earth Magic
 25399 | Lair:5   | Reached skill level 1 in Transmutations
 25680 | Lair:4   | Killed a death yak
 26208 | Lair:4   | Reached **** piety under Sif Muna
 26466 | Lair:4   | Killed a death yak
 26507 | Lair:4   | Killed a death yak
 27026 | Lair:5   | Killed a death yak
 27031 | Lair:5   | Killed a death yak
 27330 | Lair:5   | Found a staircase to the Slime Pits.
 27974 | Lair:5   | Killed a seven-headed hydra
 28162 | Lair:5   | Got a scorched mace
 28163 | Lair:5   | Identified the cursed +0 mace of Hutaon Rilo {flame, rC+} (You found it on level 5 of the Lair of Beasts)
 28687 | Lair:6   | Entered Level 6 of the Lair of Beasts
 29368 | Lair:6   | Reached ***** piety under Sif Muna
 29368 | Lair:6   | Identified Sif Muna's Disquisition on Creation and Arcane Weapons (Sif Muna gifted it to you on level 6 of the Lair of Beasts)
 29368 | Lair:6   | Received a gift from Sif Muna
 29376 | Lair:6   | Learned a level 5 spell: Summon Mana Viper
 29576 | Lair:6   | Reached skill level 1 in Hexes
 30029 | Lair:6   | Noticed a death yak
 30032 | Lair:6   | Noticed a death yak
 30032 | Lair:6   | Noticed a death yak
 30181 | Lair:6   | Noticed a death yak
 30195 | Lair:6   | Killed a death yak
 30298 | Lair:6   | Noticed a death yak
 30316 | Lair:6   | Killed a death yak
 30383 | Lair:6   | Noticed a death yak
 30395 | Lair:6   | Killed a death yak
 30399 | Lair:6   | Killed a death yak
 30502 | Lair:6   | Noticed a death yak
 30503 | Lair:6   | Noticed a death yak
 30524 | Lair:6   | Noticed a death yak
 30535 | Lair:6   | Killed a death yak
 30557 | Lair:5   | Killed a death yak
 30557 | Lair:5   | Reached skill level 10 in Spellcasting
 30725 | Lair:6   | Killed a death yak
 30739 | Lair:6   | Killed a death yak
 30739 | Lair:6   | Gained mutation: You are in touch with the powers of death. [Mummy growth]
 30739 | Lair:6   | Reached XP level 13. HP: 93/93 MP: 1/27
 33357 | D:8      | Identified Sif Muna's Guide on Sinister Slavery (Sif Muna gifted it to you on level 8 of the Dungeon)
 33357 | D:8      | Received a gift from Sif Muna
 33443 | D:8      | Learned a level 7 spell: Monstrous Menagerie
 33740 | D:9      | Noticed edsrzf's ghost (novice MiGl)
 33750 | D:9      | Killed edsrzf's ghost
 33959 | D:9      | Found an opulent altar of Gozag.
 34062 | D:9      | Reached skill level 12 in Summonings
 34327 | D:10     | Entered Level 10 of the Dungeon
 34327 | D:10     | Found Felas's General Store.
 35123 | D:10     | Bought 2 scrolls of teleportation for 84 gold pieces
 35609 | D:11     | Noticed Urug
 35645 | D:11     | Killed Urug
 35757 | D:11     | Found Cuirat's Demolitions Depot.
 35933 | D:11     | Found a snail-covered altar of Cheibriados.
 36370 | D:11     | Found a staircase to the Orcish Mines.
 37708 | D:12     | Found the amulet of the Air {Inacc +Fly rElec EV+5 RMsl}
 37780 | D:13     | Noticed Frances
 38390 | D:13     | Killed Frances
 38585 | D:13     | Noticed Snorg
 38638 | D:13     | Killed Snorg
 39998 | D:14     | Noticed Kirke
 40027 | D:14     | Killed Kirke
 40027 | D:14     | Identified Mazofecy's Compendium of Attacks and Enchantment (Sif Muna gifted it to you on level 14 of the Dungeon)
 40027 | D:14     | Received a gift from Sif Muna
 40156 | D:14     | Reached skill level 13 in Summonings
 40156 | D:14     | Reached XP level 14. HP: 100/100 MP: 30/30
 40844 | D:14     | Found a gate to the Vaults.
 41087 | D:14     | Found a shadowy altar of Dithmenos.
 41224 | D:14     | Learned a level 6 spell: Shadow Creatures
 41313 | D:15     | Entered Level 15 of the Dungeon
 41499 | D:15     | Found a labyrinth entrance.
 41554 | Lab      | Entered a labyrinth
 41904 | Lab      | Identified the Reference Book on Ice and Summoning
 41950 | Lab      | Got a steaming wooden ring
 41951 | Lab      | Identified the ring "Guovvir" {+Fly rN+ MR+} (You found it in a labyrinth)
 42187 | D:15     | Noticed a fire giant
 42201 | D:15     | Killed a fire giant
 42343 | D:15     | Found a staircase to the Depths.
 43307 | Orc:1    | Entered Level 1 of the Orcish Mines
 43458 | Orc:2    | Entered Level 2 of the Orcish Mines
 43715 | Orc:2    | Found Fuyradwoe's General Store.
 44017 | Orc:2    | Identified Sif Muna's Catalogue of Displacement (Sif Muna gifted it to you on level 2 of the Orcish Mines)
 44017 | Orc:2    | Received a gift from Sif Muna
 44184 | Orc:2    | Found a staircase to the Elven Halls.
 44492 | Orc:2    | Noticed a stone giant
 44510 | Orc:2    | Killed a stone giant
 44718 | Orc:2    | Reached skill level 14 in Summonings
 45630 | Orc:2    | Found Kafat's Food Shop.
 45630 | Orc:2    | Found Narokloa's Armour Shop.
 45631 | Orc:2    | Found Tifotz's Magic Scroll Boutique.
 45631 | Orc:2    | Found Xifel's Food Shop.
 45643 | Orc:2    | Bought the +5 leather armour of Chill Winds {rF+ Str+2} for 542 gold pieces
 45861 | Orc:2    | Bought a scroll of enchant armour for 112 gold pieces
 46012 | Lair:1   | Learned a level 2 spell: Blink
 46152 | Swamp:1  | Entered Level 1 of the Swamp
 46179 | Swamp:1  | Got a transparent chain mail
 46180 | Swamp:1  | Identified the +5 chain mail of the Hippo {-Tele *Slow rC++ rN+} (You found it on level 1 of the Swamp)
 46186 | Swamp:1  | Noticed Josephine
 46189 | Swamp:1  | Killed Josephine
 46524 | Swamp:1  | Found the +9 staff of Wucad Mu {channel}
 47920 | Swamp:1  | Identified Paosucy's Grimoire of the Blaze and the Entourage (Sif Muna gifted it to you on level 1 of the Swamp)
 47920 | Swamp:1  | Received a gift from Sif Muna
 48478 | Swamp:2  | Noticed a thorn hunter
 48486 | Swamp:2  | Killed a thorn hunter
 48486 | Swamp:2  | Reached XP level 15. HP: 86/110 MP: 14/31
 48943 | Swamp:2  | Noticed Donald
 49010 | Swamp:2  | Killed Donald
 49560 | Swamp:3  | Noticed Aizul
 49751 | Swamp:3  | Killed Aizul
 49885 | Swamp:3  | Reached skill level 1 in Maces & Flails
 49977 | Swamp:3  | Reached skill level 15 in Summonings
 50893 | Swamp:3  | Noticed a thorn hunter
 50902 | Swamp:3  | Killed a thorn hunter
 51153 | Swamp:4  | Entered Level 4 of the Swamp
 51802 | Swamp:4  | Reached skill level 1 in Shields
 52008 | Swamp:4  | Hit by a stone thrown by a spriggan rider

Vault maps used:
D:1:      dpeg_arrival_rooms_b
D:2:      first_bread, uniq_jessica
D:3:      lemuel_coloured_pillars_altar, cheibriados_altar_1,
          lemuel_doored_altar, minivault_4, kennysheep_generic_room_4,
          uniq_sigmund, uniq_ijyb
D:4:      cheibrodos_ashenzari_chains, okawaru_metal_pillars_3,
          gup_sewer_entry_spiral
D:5:      serial_shops, shop, trog_wizard
D:6:      kennysheep_mini_moat, temple_doors_cd, serial_shops, shop_statue
D:7:      tgw_sif, vehumet_statue, marbit_many_paths, uniq_crazy_yiuf_cottage
D:8:      old_standard_altar, gammafunk_temple_overflow_arena,
          dpeg_lair_monsters
D:9:      grunt_gozag_breadcrumbs
D:10:     serial_co_window_serial, co_window_paths_a, co_window_corner_a,
          co_window_cross_1, co_window_of_opportunity_a, co_window_paths_b,
          co_window_paths_a, co_window_corner_ca, co_window_of_opportunity_b,
          co_window_broadway_b, co_window_2corner, co_window_corner_b,
          co_window_broadway_a, glass_columns_a, glass_columns_b,
          glass_columns_b, glass_columns_b, glass_columns_c, serial_shops,
          nicolae_shop_trees, the_bakery
D:11:     hiddenorc1_lemuel, basic_altar, moated_statue, nicolae_blasting_shop,
          uniq_urug
D:13:     uniq_snorg, uniq_frances
D:14:     grunt_vaults_entry_tiered, grunt_dithmenos_shadows, uniq_kirke
D:15:     grunt_enter_depths_giant_problem, hangedman_decor_growths,
          lab_entry_generic, portal_ice_cave_entry_imps
Temple:   cyrus_temple_forest
Lair:2:   nicolae_swamp_entry_splash_gauntlet
Lair:3:   beast_lair_carwin_9, lemuel_fruit_fields, grunt_megastairs_1,
          minmay_lair_oklob_chamber, infiniplex_staircase_pool
Lair:4:   nicolae_spider_entry_orb_guardian, lemuel_fruit_fields,
          grunt_megastairs_4, uniq_rupert
Lair:5:   slime_dummy, nicolae_quartered_pool_little,
          cheibrodos_lair_reptile_den, grunt_megastairs_2
Lair:6:   grunt_lair_end_beastmaster
Swamp:1:  hangedman_swamp_pad, uniq_josephine
Swamp:2:  nicolae_swamp_trees_clearing, swamp_pool2, uniq_donald
Swamp:3:  nicolae_swamp_fairy_circle, uniq_aizul
Swamp:4:  swamp_alternative
Orc:1:    basic_altar
Orc:2:    st_orc_pillars, serial_shops, nicolae_shop_behind_doors
Lab:      labyrinth_mini_lab, nicolae_lab_hexagon, nicolae_lab_lava,
          nicolae_lab_flowing_pool, nicolae_lab_t_cross,
          nicolae_lab_checkerboard, nicolae_lab_quarters
Sewer:    sewer_co_15_rooms

Skill      XL: |  1  2  3  4  5  6  7  8  9 10 11 12 13 14 15 |
---------------+----------------------------------------------+-----
Spellcasting   | 3 4 5 7 10 12 | 12.0
Summonings     | 4 5 7 8 9 11 13 14 15 | 15.2
Fighting       | 1 2 5 6 8 |  8.2
Ice Magic      | 1 2 4 6 |  6.0
Dodging        | 2 4 5 6 |  6.0
Stealth        | 2 6 7 |  7.1
Armour         | 2 |  2.5
Air Magic      | 2 4 |  4.3
Invocations    | 2 |  2.0
Translocations | 2 |  2.4
Earth Magic    | 3 |  3.6
Transmutations | 3 |  3.6
Hexes          | 2 |  2.1
Maces & Flails | 2 |  2.4
Shields        | 1 |  1.2

Action                   |  1- 3 |  4- 6 |  7- 9 | 10-12 | 13-15 || total
-------------------------+-------+-------+-------+-------+-------++-------
Melee: Unarmed           |    13 |       |       |       |       ||    13
       Short sword       |     5 |       |       |       |       ||     5
       Dagger            |    38 |       |       |       |       ||    38
       Whip              |     8 |   112 |   106 |       |       ||   226
       Staff             |       |       |       |       |    45 ||    45
 Fire: Hunting sling     |       |       |     9 |    34 |     2 ||    45
 Cast: Summon Small Mamm |    39 |       |       |     1 |       ||    40
       Call Imp          |     8 |    55 |    57 |    11 |     3 ||   134
       Call Canine Famil |     6 |    53 |    62 |    46 |    16 ||   183
       Summon Ice Beast  |       |       |    95 |   452 |   180 ||   727
       Summon Lightning  |       |       |     6 |    37 |    97 ||   140
       Summon Guardian G |       |       |     6 |    10 |       ||    16
       Summon Mana Viper |       |       |       |    28 |   286 ||   314
       Gell's Gravitas   |       |       |       |     2 |       ||     2
       Monstrous Menager |       |       |       |       |   180 ||   180
       Shadow Creatures  |       |       |       |       |   115 ||   115
Invok: Forget Spell      |       |       |       |       |     3 ||     3
Evoke: Wand              |       |       |     1 |     1 |     2 ||     4
  Use: Scroll            |     3 |     9 |     5 |    12 |    18 ||    47
 Stab: Sleeping          |     1 |     3 |       |       |     1 ||     5
       Distracted        |       |     2 |     1 |       |       ||     3
Armor: Robe              |     6 |    20 |       |       |       ||    26
       Leather armour    |       |     7 |    25 |    25 |    74 ||   131
Dodge: Dodged            |    49 |    76 |   121 |   138 |   221 ||   605
       Deflected         |       |       |       |       |    19 ||    19
